 Dungeon Crawl Stone Soup version 0.28.0-45-g0d030f2227 (webtiles) character file.

Game seed: 5214624085812900599

399 Ablot the Grasshopper (level 6, 0/51 HPs)
             Began as a Gnoll Warper on Apr 4, 2022.
             Slain by a gnoll
             ... wielding a +0 flail
              (6 damage)
             ... on level 3 of the Dungeon.
             The game lasted 00:04:04 (3325 turns).

Ablot the Grasshopper (Gnoll Warper)                Turns: 3325, Time: 00:04:05

Health: 0/51       AC:  4    Str: 12    XL:     6   Next: 84%
Magic:  12/14      EV: 13    Int: 12    God:
Gold:   169        SH:  0    Dex: 12    Spells: 13/15 levels left

rFire   . . .      SeeInvis .   a - +1 spear (freeze)
rCold   . . .      Faith    .   (no shield)
rNeg    . . .      Spirit   .   b - +0 leather armour
rPois   .          Reflect  .   o - +0 helmet
rElec   .          Harm     .   (no cloak)
rCorr   .          Rampage  .   (no gloves)
Will    .....                   (no boots)
Stlth   ++........              (no amulet)
HPRegen 0.17/turn               (no ring)
MPRegen 0.14/turn               (no ring)

@: very slightly contaminated
A: fangs 1, strong nose, distributed training
a: no special abilities


You were on level 3 of the Dungeon.
You visited 1 branch of the dungeon, and saw 3 of its levels.

You collected 169 gold pieces.

Inventory:

Hand Weapons
 a - a +1 spear of freezing (weapon)
 n - a +4 spectral club
 r - a +0 hand crossbow
Missiles
 d - 3 boomerangs of dispersal
 f - 33 arrows
 g - 56 bolts
 l - 30 stones (quivered)
Armour
 b - a +0 leather armour (worn)
 o - a +0 helmet (worn)
Wands
 p - a wand of acid (5)
Scrolls
 c - 2 scrolls of blinking
 e - a scroll of immolation {unknown}
 i - 2 scrolls of holy word {unknown}
 j - a scroll of teleportation {unknown}
 k - a scroll of identify {unknown}
 m - a scroll of fog {unknown}
 q - a scroll of amnesia {unknown}
Potions
 h - a potion of curing {unknown}


   Skills:
 + Level 5.0 Fighting
 + Level 2.1 Short Blades
 + Level 2.1 Long Blades
 + Level 2.1 Axes
 + Level 2.1 Maces & Flails
 + Level 5.0 Polearms
 + Level 2.1 Staves
 + Level 2.1 Slings
 + Level 2.1 Bows
 + Level 2.1 Crossbows
 + Level 3.3 Throwing
 + Level 3.3 Armour
 + Level 5.0 Dodging
 + Level 2.1 Stealth
 + Level 2.1 Shields
 + Level 2.1 Unarmed Combat
 + Level 5.4 Spellcasting
 + Level 1.7 Conjurations
 + Level 1.7 Hexes
 + Level 1.7 Summonings
 + Level 1.7 Necromancy
 + Level 5.7 Translocations
 + Level 1.7 Transmutations
 + Level 1.7 Fire Magic
 + Level 1.7 Ice Magic
 + Level 1.7 Air Magic
 + Level 1.7 Earth Magic
 + Level 1.7 Poison Magic
 + Level 2.3 Invocations
 + Level 2.1 Evocations


You had 13 spell levels left.
You knew the following spells:

 Your Spells              Type           Power      Damage    Failure   Level
a - Blink                 Tloc           34%        N/A       3%          2

Your spell library contained the following spells:

 Spells                   Type           Power      Damage    Failure   Level
 Gell's Gravitas          Tloc           17%        N/A       7%          3
 Lesser Beckoning         Tloc           17%        N/A       7%          3
 Teleport Other           Tloc           17%        N/A       7%          3
 Animate Skeleton         Necr           14%        N/A       12%         1
 Pain                     Necr           28%        1d5       12%         1
 Ignite Poison            Fire/Tmut/Pois 7%         N/A       34%         3
 Mephitic Cloud           Conj/Pois/Air  7%         N/A       34%         3
 Vampiric Draining        Necr           7%         2d6       34%         3
 Manifold Assault         Tloc           17%        N/A       54%         5
 Freezing Cloud           Conj/Ice/Air   3%         6-21      97%         5


Dungeon Overview and Level Annotations

Branches:
Dungeon (3/15)

Altars:


Innate Abilities, Weirdness & Mutations

You have very sharp teeth.
Your uncanny sense of smell can sniff out nearby items.
Your experience applies equally to all skills.


Message History

You hit the gnoll. You freeze the gnoll.
The gnoll is almost dead.
The gnoll hits you with a +0 club.
The gnoll hits you from afar with a +0 halberd!
You hit the gnoll but do no damage.
The gnoll is almost dead.
The gnoll hits you with a +0 club. The gnoll barely misses you.
You closely miss the gnoll. Your bite misses the gnoll.
The gnoll is almost dead.
The gnoll barely misses you. The gnoll misses you.
You hit the gnoll. You freeze the gnoll.
You kill the gnoll!
Unknown command.
You closely miss the gnoll. The gnoll misses you. The gnoll closely misses you.
There is an open door, spattered with blood here.
You hit the gnoll. You freeze the gnoll.
The gnoll is moderately wounded.
The gnoll closely misses you. x2
You hit the gnoll. You freeze the gnoll.
The gnoll is heavily wounded.
The gnoll misses you. The gnoll completely misses you.
You hit the gnoll. You freeze the gnoll.
The gnoll is almost dead.
The gnoll hits you with a +0 halberd!
* * * LOW HITPOINT WARNING * * *
You completely miss the gnoll.
The gnoll is almost dead.
The gnoll misses you. The gnoll hits you with a +0 halberd!
* * * LOW HITPOINT WARNING * * *
You closely miss the gnoll.
The gnoll is almost dead.
The gnoll completely misses you.
Casting: Blink (safe; 3% risk of failure)
Confirm with . or Enter, or press ? or * to list all spells.
You miscast Blink.
You are very lightly contaminated with residual magic.
Nothing appears to happen.
The gnoll misses you. The gnoll hits you with a +0 flail.
You die...

#.####.# #.
#.#....# #. .
######.#....#####.
..
#....#.#....#.....
...
#....#.#....#....)
...(
#....#.#....#.....
.....
....#<####.#.....
......###...#.#
#.#.....
...(...g@...#.#
#.#.....
.......##g..#.#
#.#..... ....(#.
#...#.####.#.....
.... o.
#...#......#.....
... .##
###.#############
.S ..
#.............. .
.. ###############
... #


You could see 2 gnolls.

Vanquished Creatures
  Sigmund (D:2)
  Terence (D:1)
  Robin (D:2)
  9 gnolls (D:3)
  4 adders
  A worm (D:2)
  2 dart slugs
  An orc (D:3)
  3 bats
  10 endoplasms
  4 giant cockroaches
  13 goblins
  8 hobgoblins
  4 jackals (D:1)
  2 kobolds (D:3)
  4 quokkas
  5 ball pythons
  5 frilled lizards (D:1)
  4 rats
82 creatures vanquished.

Notes
Turn   | Place    | Note
-------+----------+-------------------------------------------
     0 | D:1      | Ablot the Gnoll Warper began the quest for the Orb.
     0 | D:1      | Reached XP level 1. HP: 20/20 MP: 6/6
   167 | D:1      | Reached XP level 2. HP: 26/26 MP: 7/7
   170 | D:1      | Learned a level 2 spell: Blink
   702 | D:1      | Reached XP level 3. HP: 13/31 MP: 9/9
   958 | D:1      | Reached skill level 5 in Spellcasting
  1557 | D:2      | Noticed Robin
  1587 | D:1      | Reached skill level 1 in Invocations
  1690 | D:2      | Noticed Terence
  1724 | D:1      | Killed Terence
  1725 | D:1      | Reached skill level 1 in Short Blades
  1725 | D:1      | Reached skill level 1 in Long Blades
  1725 | D:1      | Reached skill level 1 in Axes
  1725 | D:1      | Reached skill level 1 in Maces & Flails
  1725 | D:1      | Reached skill level 1 in Staves
  1725 | D:1      | Reached skill level 1 in Slings
  1725 | D:1      | Reached skill level 1 in Bows
  1725 | D:1      | Reached skill level 1 in Crossbows
  1725 | D:1      | Reached skill level 1 in Stealth
  1725 | D:1      | Reached skill level 1 in Shields
  1725 | D:1      | Reached skill level 1 in Unarmed Combat
  1725 | D:1      | Reached skill level 1 in Evocations
  1725 | D:1      | Reached XP level 4. HP: 14/38 MP: 9/11
  2174 | D:2      | Noticed Sigmund
  2203 | D:2      | Killed Sigmund
  2204 | D:2      | Reached skill level 1 in Conjurations
  2204 | D:2      | Reached skill level 1 in Hexes
  2204 | D:2      | Reached skill level 1 in Summonings
  2204 | D:2      | Reached skill level 1 in Necromancy
  2204 | D:2      | Reached skill level 1 in Transmutations
  2204 | D:2      | Reached skill level 1 in Fire Magic
  2204 | D:2      | Reached skill level 1 in Ice Magic
  2204 | D:2      | Reached skill level 1 in Air Magic
  2204 | D:2      | Reached skill level 1 in Earth Magic
  2204 | D:2      | Reached skill level 1 in Poison Magic
  2204 | D:2      | Reached XP level 5. HP: 26/43 MP: 12/12
  2204 | D:2      | Reached XP level 6. HP: 31/50 MP: 13/13
  2369 | D:2      | Killed Robin
  2857 | D:3      | Reached skill level 5 in Fighting
  2857 | D:3      | Reached skill level 5 in Polearms
  2857 | D:3      | Reached skill level 5 in Dodging
  3325 | D:3      | Slain by a gnoll

Illustrated notes

Levels and vault maps discovered:
D:1:      lightli_arrival_quake, layout_basic, minmay_close_crescents
D:2:      layout_basic, uniq_sigmund, uniq_robin, uniq_terence
D:3:      layout_basic, hellmonk_ecumenical_altar_prayer_group, serial_shops,
          nicolae_shop_overgrown_old_shop, kennysheep_small_spiral

Skill      XL: |  1  2  3  4  5  6 |
---------------+-------------------+-----
Spellcasting   | 5 |  5.4
Invocations    | 1 2 |  2.3
Short Blades   | 1 2 |  2.1
Long Blades    | 1 2 |  2.1
Axes           | 1 2 |  2.1
Maces & Flails | 1 2 |  2.1
Staves         | 1 2 |  2.1
Slings         | 1 2 |  2.1
Bows           | 1 2 |  2.1
Crossbows      | 1 2 |  2.1
Stealth        | 1 2 |  2.1
Shields        | 1 2 |  2.1
Unarmed Combat | 1 2 |  2.1
Evocations     | 1 2 |  2.1
Throwing       | 3 |  3.3
Armour         | 3 |  3.3
Conjurations   | 1 |  1.7
Hexes          | 1 |  1.7
Summonings     | 1 |  1.7
Necromancy     | 1 |  1.7
Transmutations | 1 |  1.7
Fire Magic     | 1 |  1.7
Ice Magic      | 1 |  1.7
Air Magic      | 1 |  1.7
Earth Magic    | 1 |  1.7
Poison Magic   | 1 |  1.7
Fighting       | 5 |  5.0
Polearms       | 5 |  5.0
Dodging        | 5 |  5.0
Translocations | |  5.7

Action                   |  1- 3 |  4- 6 || total
-------------------------+-------+-------++-------
Melee: Spear             |   135 |   188 ||   323
       Bite              |     8 |    14 ||    22
       Punch             |       |     1 ||     1
Throw: Stone             |     4 |     2 ||     6
       Boomerang         |     2 |       ||     2
 Cast: Blink             |     1 |       ||     1
 Stab: Sleeping          |       |     4 ||     4
Armor: Leather armour    |    28 |    16 ||    44
Dodge: Dodged            |    67 |    85 ||   152
